[ AOE2 MATCH · #505324612 ]
UnrankedSicilians vs Bohemians
Player's team · WIN
Rival team · LOSS
[ REPLAY ANALYSIS · EXTRACTED FROM THE RECORDED GAME ]
Feudal
8:52
Castle
23:18
Imperial
39:07
| APM avg | 64.3 |
| APM peak | 100 |
| eAPM avg | 27.3 |
| Villagers / military | 120 / 65 |
Focus
⚔️ 41.4% · 🌾 58.6%
Skirmisher ×20 · Knight ×17 · Archer ×10 · Scout Cavalry ×6 · Mangonel ×4 · Monk ×3
Feudal
10:59
Castle
24:14
Imperial
—
| APM avg | 62.9 |
| APM peak | 95 |
| eAPM avg | 29.8 |
| Villagers / military | 109 / 66 |
Focus
⚔️ 30.7% · 🌾 69.3%
Hand Cannoneer ×24 · Archer ×16 · Skirmisher ×8 · Monk ×5 · Militia ×4 · Spearman ×4
Match map
Initial resources + every placement click. Lines = walls · curves = elevation contours. ◆ gold · ⬟ stone · ● berries · ✦ relic · ◌ wall gap
Your base· Open — unwalled flank
Oni.FeAge's base· Open — 4t gap
Smoothed initial terrain · ◌ = detected wall gap · hover for details
Inputs per minute
— bruh - - Oni.FeAge
Build order — bruh
First 150 of 339 actions detected
| 0:00 | Queue | Villager (Male) |
| 0:00 | Queue | Villager (Male) |
| 0:00 | Queue | Villager (Male) |
| 0:01 | Queue | Villager (Male) |
| 0:02 | Build | House |
| 0:03 | Build | House |
| 1:29 | Queue | Villager (Male) |
| 1:29 | Queue | Villager (Male) |
| 1:52 | Build | Lumber Camp |
| 2:05 | Queue | Villager (Male) |
| 2:19 | Queue | Villager (Male) |
| 2:54 | Queue | Villager (Male) |
| 3:11 | Queue | Villager (Male) |
| 3:12 | Queue | Villager (Male) |
| 3:36 | Build | House |
| 3:43 | Queue | Villager (Male) |
| 3:51 | Queue | Villager (Male) |
| 3:51 | Queue | Villager (Male) |
| 4:26 | Queue | Villager (Male) |
| 4:29 | Queue | Villager (Male) |
| 4:30 | Queue | Villager (Male) |
| 4:33 | Build | Mill |
| 4:53 | Queue | Villager (Male) |
| 5:29 | Research | Loom |
| 6:42 | Research | Feudal Age |
| 7:41 | Build | House |
| 8:14 | Build | Donjon |
| 8:18 | Build | Palisade Wall |
| 8:22 | Build | Palisade Wall |
| 8:23 | Build | Palisade Wall |
| 8:39 | Queue | Villager (Male) |
| 8:52 | Age | Feudal Age |
| 9:03 | Build | Palisade Wall |
| 9:04 | Build | Palisade Wall |
| 9:05 | Build | Palisade Wall |
| 9:16 | Queue | Villager (Male) |
| 9:37 | Queue | Villager (Male) |
| 9:40 | Research | Double-Bit Axe |
| 9:44 | Queue | Serjeant |
| 9:44 | Queue | Serjeant |
| 10:07 | Build | Archery Range |
| 10:13 | Build | Mining Camp |
| 10:14 | Queue | Villager (Male) |
| 10:25 | Build | House |
| 10:34 | Queue | Villager (Male) |
| 11:16 | Queue | Villager (Male) |
| 11:22 | Build | Farm |
| 11:23 | Build | Farm |
| 11:26 | Queue | Archer |
| 11:44 | Queue | Archer |
| 12:01 | Queue | Villager (Male) |
| 12:24 | Build | Farm |
| 12:33 | Build | Farm |
| 12:36 | Build | Blacksmith |
| 12:38 | Build | House |
| 12:41 | Queue | Villager (Male) |
| 12:45 | Build | House |
| 12:47 | Build | House |
| 12:48 | Build | Palisade Wall |
| 12:50 | Queue | Archer |
| 12:51 | Queue | Villager (Male) |
| 13:29 | Queue | Villager (Male) |
| 13:33 | Queue | Archer |
| 13:43 | Research | Fletching |
| 13:50 | Queue | Villager (Male) |
| 13:53 | Research | Horse Collar |
| 13:53 | Research | Horse Collar |
| 13:57 | Build | Farm |
| 13:58 | Build | Farm |
| 14:07 | Queue | Villager (Male) |
| 14:13 | Build | Farm |
| 14:51 | Queue | Villager (Male) |
| 14:58 | Queue | Archer |
| 14:58 | Queue | Archer |
| 15:15 | Queue | Villager (Male) |
| 15:24 | Queue | Skirmisher |
| 15:25 | Queue | Villager (Male) |
| 15:27 | Build | Farm |
| 15:32 | Build | Farm |
| 15:50 | Queue | Villager (Male) |
| 16:03 | Queue | Skirmisher |
| 16:04 | Queue | Villager (Male) |
| 16:08 | Build | Farm |
| 16:28 | Queue | Skirmisher |
| 16:37 | Queue | Skirmisher |
| 16:48 | Queue | Villager (Male) |
| 16:59 | Build | House |
| 17:00 | Build | Palisade Wall |
| 17:02 | Build | Palisade Wall |
| 17:06 | Build | Palisade Wall |
| 17:12 | Build | Palisade Wall |
| 17:13 | Queue | Villager (Male) |
| 17:17 | Queue | Skirmisher |
| 17:26 | Build | Palisade Wall |
| 17:27 | Build | Palisade Wall |
| 17:32 | Build | Farm |
| 17:33 | Queue | Villager (Male) |
| 17:55 | Build | Lumber Camp |
| 17:58 | Queue | Villager (Male) |
| 18:09 | Build | Farm |
| 18:23 | Build | Farm |
| 18:28 | Queue | Skirmisher |
| 18:39 | Queue | Villager (Male) |
| 18:56 | Queue | Villager (Male) |
| 19:01 | Build | Farm |
| 19:10 | Build | Stable |
| 19:21 | Queue | Villager (Male) |
| 19:41 | Build | Farm |
| 20:06 | Build | Market |
| 20:15 | Queue | Archer |
| 20:16 | Queue | Archer |
| 20:35 | Build | Farm |
| 20:36 | Build | Farm |
| 20:38 | Research | Castle Age |
| 20:38 | Research | Castle Age |
| 21:01 | Research | Gold Mining |
| 21:01 | Research | Gold Mining |
| 21:07 | Queue | Skirmisher |
| 21:23 | Build | Lumber Camp |
| 21:30 | Queue | Archer |
| 21:43 | Research | Bloodlines |
| 21:55 | Build | Farm |
| 22:03 | Queue | Archer |
| 22:11 | Research | Scale Barding Armor |
| 22:11 | Research | Scale Barding Armor |
| 22:16 | Build | Stable |
| 22:19 | Build | House |
| 23:04 | Build | House |
| 23:18 | Age | Castle Age |
| 23:19 | Queue | Knight |
| 23:19 | Queue | Knight |
| 23:23 | Queue | Villager (Male) |
| 23:43 | Queue | Knight |
| 23:44 | Queue | Knight |
| 23:49 | Queue | Villager (Male) |
| 23:53 | Build | House |
| 24:12 | Build | Town Center |
| 24:14 | Queue | Villager (Male) |
| 24:21 | Build | Siege Workshop |
| 24:26 | Queue | Villager (Male) |
| 24:47 | Build | Monastery |
| 24:49 | Build | Farm |
| 24:50 | Queue | Villager (Male) |
| 24:55 | Build | Farm |
| 24:56 | Build | Farm |
| 25:01 | Queue | Knight |
| 25:02 | Queue | Knight |
| 25:03 | Queue | Villager (Male) |
| 25:08 | Queue | Scout Cavalry |
| 25:13 | Build | Farm |
Build order — Oni.FeAge
First 150 of 326 actions detected
| 0:00 | Queue | Villager (Male) |
| 0:01 | Queue | Villager (Male) |
| 0:02 | Build | House |
| 0:03 | Build | House |
| 0:03 | Queue | Villager (Male) |
| 0:05 | Queue | Villager (Male) |
| 1:35 | Queue | Villager (Male) |
| 2:00 | Queue | Villager (Male) |
| 2:14 | Queue | Villager (Male) |
| 2:15 | Queue | Villager (Male) |
| 2:47 | Queue | Villager (Male) |
| 3:01 | Queue | Villager (Male) |
| 3:33 | Build | Barracks |
| 3:36 | Queue | Villager (Male) |
| 3:45 | Build | House |
| 4:04 | Queue | Villager (Male) |
| 4:30 | Queue | Militia |
| 4:32 | Queue | Villager (Male) |
| 4:48 | Queue | Villager (Male) |
| 4:56 | Queue | Militia |
| 5:06 | Build | House |
| 5:24 | Queue | Villager (Male) |
| 5:32 | Build | Lumber Camp |
| 5:47 | Queue | Villager (Male) |
| 5:54 | Queue | Villager (Male) |
| 6:19 | Queue | Villager (Male) |
| 6:43 | Queue | Villager (Male) |
| 6:46 | Build | House |
| 7:01 | Research | Loom |
| 7:15 | Build | Mill |
| 7:27 | Queue | Militia |
| 8:00 | Queue | Villager (Male) |
| 8:49 | Research | Feudal Age |
| 9:22 | Build | Mining Camp |
| 10:08 | Build | House |
| 10:25 | Build | Palisade Wall |
| 10:27 | Build | Palisade Wall |
| 10:29 | Build | House |
| 10:31 | Build | Palisade Wall |
| 10:40 | Build | Palisade Wall |
| 10:42 | Build | Palisade Wall |
| 10:44 | Build | Palisade Wall |
| 10:46 | Build | Palisade Wall |
| 10:54 | Build | Palisade Wall |
| 10:56 | Build | Palisade Wall |
| 10:59 | Age | Feudal Age |
| 11:01 | Queue | Villager (Male) |
| 11:03 | Queue | Spearman |
| 11:06 | Queue | Villager (Male) |
| 11:17 | Research | Town Watch |
| 11:25 | Build | Archery Range |
| 11:34 | Research | Man-at-Arms (upgrade) |
| 11:34 | Queue | Militia |
| 11:35 | Queue | Villager (Male) |
| 11:49 | Queue | Villager (Male) |
| 11:53 | Queue | Archer |
| 12:13 | Build | Farm |
| 12:26 | Build | House |
| 12:32 | Queue | Archer |
| 12:40 | Queue | Villager (Male) |
| 12:51 | Build | Farm |
| 12:58 | Build | Farm |
| 13:06 | Queue | Archer |
| 13:11 | Build | Farm |
| 13:11 | Queue | Villager (Male) |
| 13:39 | Build | Farm |
| 13:40 | Build | Farm |
| 13:49 | Queue | Villager (Male) |
| 13:50 | Queue | Archer |
| 13:57 | Build | Farm |
| 13:59 | Build | Farm |
| 14:00 | Queue | Skirmisher |
| 14:27 | Queue | Villager (Male) |
| 14:30 | Queue | Skirmisher |
| 14:44 | Build | Blacksmith |
| 14:53 | Queue | Villager (Male) |
| 15:17 | Queue | Villager (Male) |
| 15:26 | Build | Farm |
| 15:27 | Queue | Archer |
| 15:31 | Research | Fletching |
| 16:00 | Queue | Villager (Male) |
| 16:05 | Build | Farm |
| 16:09 | Queue | Archer |
| 16:12 | Queue | Villager (Male) |
| 16:16 | Build | Farm |
| 16:18 | Build | Farm |
| 16:20 | Build | Farm |
| 16:30 | Queue | Villager (Male) |
| 16:35 | Build | Farm |
| 16:45 | Queue | Villager (Male) |
| 16:47 | Queue | Skirmisher |
| 16:50 | Build | House |
| 17:10 | Build | Watch Tower |
| 17:10 | Queue | Villager (Male) |
| 17:20 | Build | Farm |
| 17:26 | Research | Double-Bit Axe |
| 17:26 | Research | Double-Bit Axe |
| 17:28 | Queue | Archer |
| 17:38 | Queue | Villager (Male) |
| 17:57 | Queue | Skirmisher |
| 17:59 | Queue | Villager (Male) |
| 18:04 | Build | Farm |
| 18:08 | Build | House |
| 18:29 | Build | House |
| 18:33 | Queue | Villager (Male) |
| 18:34 | Build | Stable |
| 18:39 | Queue | Skirmisher |
| 19:04 | Queue | Skirmisher |
| 19:07 | Build | Farm |
| 19:18 | Queue | Scout Cavalry |
| 19:18 | Queue | Scout Cavalry |
| 19:20 | Queue | Villager (Male) |
| 19:22 | Queue | Skirmisher |
| 19:27 | Queue | Villager (Male) |
| 19:33 | Build | Farm |
| 19:47 | Queue | Villager (Male) |
| 19:57 | Build | Market |
| 20:05 | Queue | Villager (Male) |
| 20:19 | Queue | Scout Cavalry |
| 20:31 | Queue | Villager (Male) |
| 20:34 | Build | Farm |
| 20:45 | Build | House |
| 20:47 | Build | House |
| 20:55 | Queue | Archer |
| 21:25 | Build | Mining Camp |
| 21:34 | Research | Castle Age |
| 21:36 | Build | Palisade Wall |
| 21:40 | Queue | Archer |
| 22:05 | Build | Lumber Camp |
| 22:08 | Research | Padded Archer Armor |
| 22:08 | Queue | Archer |
| 22:40 | Queue | Archer |
| 23:04 | Build | House |
| 23:07 | Build | Archery Range |
| 23:18 | Queue | Skirmisher |
| 23:20 | Queue | Archer |
| 23:44 | Build | House |
| 23:59 | Queue | Spearman |
| 24:00 | Queue | Archer |
| 24:14 | Age | Castle Age |
| 24:17 | Research | Crossbowman (upgrade) |
| 24:18 | Research | Bodkin Arrow |
| 24:18 | Queue | Villager (Male) |
| 24:23 | Build | University |
| 24:24 | Queue | Villager (Male) |
| 24:27 | Build | Monastery |
| 24:29 | Queue | Archer |
| 24:34 | Queue | Villager (Male) |
| 24:36 | Build | Farm |
| 24:41 | Build | Farm |
Match timeline
| 3:33 | Oni.FeAge · first_building Barracks |
| 8:14 | bruh · first_building Donjon |
| 8:18 | bruh · wall_segment Palisade Wall x1 |
| 8:22 | bruh · wall_segment Palisade Wall x1 |
| 8:23 | bruh · wall_segment Palisade Wall x1 |
| 8:52 | bruh · age_up feudal |
| 9:03 | bruh · wall_segment Palisade Wall x1 |
| 9:04 | bruh · wall_segment Palisade Wall x1 |
| 9:05 | bruh · wall_segment Palisade Wall x1 |
| 10:07 | bruh · first_building Archery Range |
| 10:25 | Oni.FeAge · wall_segment Palisade Wall x1 |
| 10:27 | Oni.FeAge · wall_segment Palisade Wall x1 |
| 10:31 | Oni.FeAge · wall_segment Palisade Wall x1 |
| 10:40 | Oni.FeAge · wall_segment Palisade Wall x1 |
| 10:42 | Oni.FeAge · wall_segment Palisade Wall x1 |
| 10:44 | Oni.FeAge · wall_segment Palisade Wall x1 |
| 10:46 | Oni.FeAge · wall_segment Palisade Wall x1 |
| 10:54 | Oni.FeAge · wall_segment Palisade Wall x1 |
| 10:56 | Oni.FeAge · wall_segment Palisade Wall x1 |
| 10:59 | Oni.FeAge · age_up feudal |
| 11:25 | Oni.FeAge · first_building Archery Range |
| 12:48 | bruh · wall_segment Palisade Wall x1 |
| 17:00 | bruh · wall_segment Palisade Wall x2 |
| 17:02 | bruh · wall_segment Palisade Wall x1 |
| 17:06 | bruh · wall_segment Palisade Wall x9 |
| 17:12 | bruh · wall_segment Palisade Wall x13 |
| 17:26 | bruh · wall_segment Palisade Wall x1 |
| 17:27 | bruh · wall_segment Palisade Wall x1 |
| 18:34 | Oni.FeAge · first_building Stable |
| 19:10 | bruh · first_building Stable |
| 20:38 | bruh · first_market_buy 100 food |
| 21:22 | Oni.FeAge · first_market_buy 100 food |
| 21:22 | Oni.FeAge · first_market_sell 100 wood |
| 21:36 | Oni.FeAge · wall_segment Palisade Wall x5 |
| 23:18 | bruh · age_up castle |
| 24:14 | Oni.FeAge · age_up castle |
| 24:21 | bruh · first_building Siege Workshop |
| 24:27 | Oni.FeAge · first_building Monastery |
| 24:47 | bruh · first_building Monastery |
| 24:52 | Oni.FeAge · wall_segment Palisade Wall x1 |
| 29:59 | Oni.FeAge · wall_segment Stone Wall x1 |
| 31:52 | bruh · first_market_sell 100 wood |
| 32:54 | Oni.FeAge · first_building Siege Workshop |
| 33:41 | bruh · first_building Castle |
| 34:22 | Oni.FeAge · first_building Castle |
| 36:28 | Oni.FeAge · wall_segment Stone Wall x1 |
| 39:07 | bruh · age_up imperial |
| 39:15 | Oni.FeAge · resign |
[ AI ANALYSIS · 1 CREDIT ]
What really happened in this match?
Wolo.gg analyzes every decision: build order, eco, micro, common mistakes by bracket. Personalized analysis on WhatsApp or Discord in 30 seconds.
Civ guide
Sicilians
Perfil
Bruh